[Event "Titled Tuesday Blitz June 20 Late 2023"]
[White "Ibarra Jerez, Jose Carlos"]
[Black "Janaszak, Dawid"]
[WhiteFideId "2226332"]
[BlackFideId "1119206"]
[WhiteElo "2631"]
[BlackElo "2220"]
[Result "1-0"]
[Round "2"]
[TimeControl "180+2"]
[Date "2023.06.20"]
[WhiteClock "0:01:01"]
[BlackClock "0:00:00"]
[Board "29"]

1. Nf3 g6 2. e4 Bg7 3. d4 d6 4. Nc3 Bg4 5. Be3 Nc6 6. Bc4 e6 7. d5 exd5 8. Qxd5 Be6 9. Qb5 a6 10. Qb3 Na5 11. Qa4+ b5 12. Qxa5 Bxc4 13. Bd4 Bxd4 14. Nxd4 c5 15. Nc6 Qd7 16. Qb6 b4 17. Nd5 Bxd5 18. exd5 Nf6 19. O-O-O O-O 20. f3 Rfe8 21. Rd2 Re3 22. Rhd1 Rae8 23. Qxa6 Nh5 24. Na5 Nf4 25. Nc4 R3e7 26. Qxd6 Qf5 27. g4 Qg5 28. h4 Ne2+ 29. Kb1 Qxh4 30. Qxc5 Nf4 31. d6 Re1 32. d7 Rxd1+ 33. Rxd1 Rd8 34. Ne5 Ne6 35. Qxb4 Qf6 36. Qd6 h5 37. gxh5 gxh5 38. a4 h4 39. Nc6 Nf8 40. Qxf6 1-0


[Site "https://www.chess.com"]

[Event "Titled Tuesday Blitz June 20 Late 2023"]
[White "MKlose11"]
[Black "Sjugirov, Sanan"]
[BlackFideId "4189302"]
[WhiteElo "2592"]
[BlackElo "2569"]
[Result "1/2-1/2"]
[Round "2"]
[TimeControl "180+2"]
[Date "2023.06.20"]
[WhiteClock "0:00:14"]
[BlackClock "0:00:06"]
[Board "30"]

1. e4 c5 2. Nc3 d6 3. g3 Nc6 4. d3 g6 5. Bg2 Bg7 6. Be3 e6 7. Qd2 Nge7 8. Bh6 Bxh6 9. Qxh6 Nd4 10. Qd2 Rb8 11. Nd1 Ndc6 12. h4 h5 13. Ne2 e5 14. O-O O-O 15. Qh6 f6 16. Ne3 Rf7 17. Nd5 Qf8 18. Nxe7+ Nxe7 19. Qe3 Nc6 20. f4 Bg4 21. Nc3 Nd4 22. Rf2 Be6 23. Raf1 Qh6 24. Qd2 Kg7 25. Nd1 Rbf8 26. Ne3 exf4 27. Rxf4 g5 28. R4f2 gxh4 29. gxh4 Kh8 30. c3 Nc6 31. d4 cxd4 32. cxd4 Bd7 33. Nf5 Qxd2 34. Rxd2 Bxf5 35. Rxf5 Rh7 36. Bf3 Kg7 37. Kf2 Ne7 38. Ra5 a6 39. Rxh5 Rxh5 40. Bxh5 Rh8 41. Bf3 Rxh4 42. Kg3 Rh6 43. Rc2 Nc6 44. Rc4 Kf8 45. e5 fxe5 46. Bxc6 bxc6 47. Rxc6 exd4 48. Rxa6 Re6 49. Ra4 Re2 50. Rb4 d3 51. Kf3 Rd2 52. Ke3 Rd1 53. Rb3 Ra1 54. a3 Ke7 55. Kxd3 d5 56. Rb6 Rd1+ 57. Kc3 Kd7 58. a4 Rc1+ 59. Kd4 Rc4+ 60. Kxd5 Rxa4 61. Rb7+ Kc8 62. Rb5 Ra6 63. b4 Rh6 64. Kc4 Kc7 65. Rf5 Kb7 66. Kb5 Rb6+ 67. Kc4 Rc6+ 68. Rc5 Rg6 69. Kb5 Rb6+ 70. Kc4 Rg6 71. Rd5 Rc6+ 72. Kd4 Rg6 73. Ke5 Rh6 74. Kd4 Rg6 75. Kc5 Rc6+ 76. Kd4 Rg6 1/2-1/2


[Site "https://www.chess.com"]

[Event "Titled Tuesday Blitz June 20 Late 2023"]
[White "Sanal, Vahap"]
[Black "Fiorito, Francisco"]
[WhiteFideId "6300545"]
[BlackFideId "180165"]
[WhiteElo "2606"]
[BlackElo "2319"]
[Result "1-0"]
[Round "2"]
[TimeControl "180+2"]
[Date "2023.06.20"]
[WhiteClock "0:01:27"]
[BlackClock "0:01:03"]
[Board "31"]

1. e4 c5 2. Nf3 Nc6 3. d4 cxd4 4. Nxd4 g6 5. c4 Bg7 6. Be3 Qb6 7. Nb5 Qa5+ 8. N5c3 d6 9. Be2 Nf6 10. O-O O-O 11. Nd2 Be6 12. f3 Rac8 13. Nb3 Qd8 14. Nd5 Bxd5 15. exd5 Ne5 16. Nd2 b6 17. Rc1 Ned7 18. Nb3 Nc5 19. Nd4 Qd7 20. b4 Na6 21. Nc6 Nb8 22. b5 Qc7 23. a4 Rfe8 24. Qd2 Nbd7 25. a5 Nc5 26. Bxc5 dxc5 27. a6 Nd7 28. f4 e6 29. d6 Bd4+ 30. Qxd4 cxd4 31. dxc7 Rxc7 32. Rfd1 e5 33. fxe5 Nxe5 34. Nxe5 Rxe5 35. Bf3 Kg7 36. Rxd4 Rxb5 37. cxb5 Rxc1+ 38. Kf2 Rc2+ 39. Be2 Rc7 40. Rd8 Kf6 41. Rb8 Ke6 42. Rb7 Kd6 43. Bf3 f5 44. Bc6 g5 45. Ke3 h6 46. Kd4 h5 47. Rxc7 Kxc7 48. Ke5 1-0


[Site "https://www.chess.com"]

[Event "Titled Tuesday Blitz June 20 Late 2023"]
[White "TimGrutter03"]
[Black "Corrales Jimenez, Fidel"]
[BlackFideId "3506690"]
[WhiteElo "2582"]
[BlackElo "2511"]
[Result "1-0"]
[Round "2"]
[TimeControl "180+2"]
[Date "2023.06.20"]
[WhiteClock "0:00:20"]
[BlackClock "0:00:23"]
[Board "32"]

1. d4 Nf6 2. Nc3 d5 3. Bf4 g6 4. Qd2 c6 5. O-O-O Bg7 6. h4 h6 7. e3 b5 8. f3 a5 9. g4 Nbd7 10. Nge2 Nb6 11. Ng3 b4 12. Nb1 Nc4 13. Bxc4 dxc4 14. e4 Nd7 15. h5 g5 16. Be3 Nb6 17. Qe2 c3 18. bxc3 Ba6 19. Qf2 Nc4 20. Nf5 Bf8 21. d5 bxc3 22. Qe1 Nxe3 23. Qxe3 cxd5 24. Qxc3 f6 25. exd5 Rc8 26. Qa3 Qc7 27. Qa4+ Kf7 28. Rhe1 Bb5 29. Qe4 Kg8 30. Qe6+ Kh7 31. Qf7+ Bg7 32. Qxg7# 1-0


[Site "https://www.chess.com"]

[Event "Titled Tuesday Blitz June 20 Late 2023"]
[White "Zakhartsov, Vladimir"]
[Black "Maiti, Milind"]
[WhiteFideId "4145097"]
[BlackFideId "2090767"]
[WhiteElo "2508"]
[BlackElo "2150"]
[Result "1-0"]
[Round "2"]
[TimeControl "180+2"]
[Date "2023.06.20"]
[WhiteClock "0:00:18"]
[BlackClock "0:00:00"]
[Board "33"]

1. d4 Nf6 2. c4 e6 3. Nf3 d5 4. g3 Be7 5. Bg2 O-O 6. Nc3 c6 7. O-O Nbd7 8. Qd3 b6 9. e4 dxc4 10. Qxc4 Bb7 11. Rd1 b5 12. Qb3 b4 13. e5 bxc3 14. exf6 Nxf6 15. bxc3 Rb8 16. Ne5 Qc7 17. Qa4 c5 18. Qxa7 cxd4 19. cxd4 Qc8 20. Bf4 Bxg2 21. Kxg2 Rb7 22. Qa6 Nd5 23. Rac1 Nxf4+ 24. gxf4 Qb8 25. Nc6 Qa8 26. Qxa8 Rxa8 27. Rc2 Bf8 28. d5 exd5 29. Rxd5 g6 30. f5 Rc7 31. f6 Rac8 32. Ne7+ Bxe7 33. fxe7 1-0


[Site "https://www.chess.com"]

[Event "Titled Tuesday Blitz June 20 Late 2023"]
[White "Iturrizaga Bonelli, Eduardo"]
[Black "Hajiyev, Kanan"]
[WhiteFideId "3901211"]
[BlackFideId "13404148"]
[WhiteElo "2647"]
[BlackElo "2115"]
[Result "1-0"]
[Round "2"]
[TimeControl "180+2"]
[Date "2023.06.20"]
[WhiteClock "0:02:16"]
[BlackClock "0:00:02"]
[Board "34"]

1. d4 Nf6 2. Nf3 e6 3. c4 Bb4+ 4. Nbd2 Bxd2+ 5. Bxd2 O-O 6. g3 c5 7. Bg2 Nc6 8. dxc5 Ne4 9. O-O Nxc5 10. Qc2 a5 11. Rfd1 b6 12. Bc3 Bb7 13. h4 h6 14. Rd6 Qe7 15. Rad1 Rfd8 16. a3 a4 17. h5 Ba6 18. Ne5 Nxe5 19. Bxe5 Rab8 20. R6d4 Rbc8 21. Rg4 f6 22. Bf4 f5 23. Rg6 Kh8 24. Be5 Ne4 25. Rxg7 Qxg7 26. Bxg7+ Kxg7 27. Bxe4 Rxc4 28. Qd3 fxe4 29. Qd6 Kf6 30. Qf4+ Kg7 31. Qg4+ Kf8 32. Qg6 Rc2 33. Qxh6+ Ke7 34. Qg5+ Ke8 35. h6 Bxe2 36. h7 1-0


[Site "https://www.chess.com"]

[Event "Titled Tuesday Blitz June 20 Late 2023"]
[White "Isajevsky, Anton"]
[Black "Moroni, Luca Jr"]
[WhiteFideId "4142500"]
[BlackFideId "865834"]
[WhiteElo "2510"]
[BlackElo "2569"]
[Result "0-1"]
[Round "2"]
[TimeControl "180+2"]
[Date "2023.06.20"]
[WhiteClock "0:00:03"]
[BlackClock "0:00:32"]
[Board "35"]

1. c4 g6 2. Nc3 Bg7 3. g3 d6 4. Bg2 Bd7 5. d3 Nc6 6. Rb1 Qc8 7. Bd2 Nf6 8. b4 O-O 9. b5 Nd4 10. e3 Ne6 11. d4 c6 12. bxc6 bxc6 13. Nf3 Rb8 14. O-O Qc7 15. Qc2 Rxb1 16. Rxb1 Rb8 17. Rb3 Rb6 18. Qb2 h5 19. Na4 Rxb3 20. axb3 c5 21. Nc3 cxd4 22. exd4 h4 23. Ne2 Ne4 24. Be3 hxg3 25. hxg3 Qb8 26. Qc2 Nf6 27. Nc3 Ng4 28. Nd5 Nxe3 29. fxe3 Kf8 30. Kf2 Bc6 31. Qa2 Bxd5 32. cxd5 Nc7 33. Nd2 Qb4 34. Nc4 Nb5 35. Qa5 Qxa5 36. Nxa5 Ke8 37. Ke2 Kd7 38. Kd3 Nc7 39. Nc6 a6 40. Kc4 Bh6 41. e4 e6 42. Bh3 f5 43. Nb4 a5 44. dxe6+ Kxe6 45. Nc6 Bd2 46. exf5+ gxf5 47. d5+ Kf6 48. Nd4 f4 49. gxf4 Bxf4 50. Nb5 Na6 51. Nd4 Bd2 52. Bd7 Nc5 53. Bb5 Ke5 54. Nc6+ Ke4 55. Ne7 Bb4 56. Nc8 Nd3 57. Nb6 Ne5# 0-1


[Site "https://www.chess.com"]

[Event "Titled Tuesday Blitz June 20 Late 2023"]
[White "Piesik, Piotr"]
[Black "Rustemov, Alexander"]
[WhiteFideId "1136194"]
[BlackFideId "4119002"]
[WhiteElo "2303"]
[BlackElo "2873"]
[Result "1/2-1/2"]
[Round "2"]
[TimeControl "180+2"]
[Date "2023.06.20"]
[WhiteClock "0:01:01"]
[BlackClock "0:00:11"]
[Board "36"]

1. Nf3 Nf6 2. g3 g6 3. Bg2 Bg7 4. O-O O-O 5. d4 d5 6. c4 c6 7. Qb3 dxc4 8. Qxc4 Bf5 9. Nc3 Ne4 10. Rd1 Nd7 11. Nh4 Nxc3 12. bxc3 Nb6 13. Qb4 Be6 14. e4 Qd7 15. a4 Rac8 16. Bg5 Rfe8 17. a5 Nc4 18. Bf1 Nd6 19. f3 h6 20. Be3 g5 21. Ng2 g4 22. e5 gxf3 23. exd6 fxg2 24. Bxg2 exd6 25. Bf4 Bd5 26. Qxd6 Qxd6 27. Bxd6 Bxg2 28. Kxg2 Re2+ 29. Kh3 Rd8 30. Bf4 Rd5 31. g4 Rc2 32. Rac1 Rxc1 33. Rxc1 Rxa5 34. Kg3 Ra3 35. Kf2 b5 36. Ke2 a5 37. h4 a4 38. c4 b4 39. d5 cxd5 40. cxd5 Rc3 41. Rxc3 Bxc3 42. d6 Bf6 43. d7 a3 44. Be5 Bxh4 45. Kd3 b3 46. Kc3 b2 47. Kc2 Bd8 48. Bd6 Kg7 49. Bxa3 Kg6 50. Bxb2 Kg5 51. Bc1+ Kxg4 52. Bxh6 Kf5 53. Kd3 Ke6 54. Ke4 Kxd7 55. Kf5 Ke8 56. Bg7 Be7 57. Bd4 Kd7 58. Bc3 Kc6 59. Be5 Kd5 60. Bg7 Kd6 61. Be5+ Kd7 62. Bg7 Ke8 63. Be5 Bd8 64. Bd4 Kf8 65. Bc5+ Be7 66. Bd4 Kg8 67. Be5 Kf8 68. Bd4 Ke8 69. Be5 Bd8 70. Bc3 Be7 71. Be5 1/2-1/2


[Site "https://www.chess.com"]

[Event "Titled Tuesday Blitz June 20 Late 2023"]
[White "Babazada, Khazar"]
[Black "Banzea, Alexandru-Bogdan"]
[WhiteFideId "13413554"]
[BlackFideId "1232622"]
[WhiteElo "2369"]
[BlackElo "2294"]
[Result "1-0"]
[Round "2"]
[TimeControl "180+2"]
[Date "2023.06.20"]
[WhiteClock "0:02:42"]
[BlackClock "0:00:19"]
[Board "37"]

1. e4 c6 2. d4 d5 3. Nc3 dxe4 4. Nxe4 Nf6 5. Nxf6+ exf6 6. c3 Bd6 7. Bd3 O-O 8. Qc2 Re8+ 9. Ne2 h6 10. Bd2 Nd7 11. O-O-O Nb6 12. c4 Nd7 13. Ng3 Nf8 14. Rhe1 Rxe1 15. Rxe1 Bxg3 16. hxg3 Ne6 17. Bc3 Bd7 18. Qe2 b5 19. cxb5 cxb5 20. d5 Nc5 21. Bc2 Rc8 22. Kb1 a5 23. Bd4 b4 24. Qe3 Qc7 25. Rc1 Qd6 26. Bxc5 Rxc5 27. Qxc5 1-0


[Site "https://www.chess.com"]

[Event "Titled Tuesday Blitz June 20 Late 2023"]
[White "Mendez Fortes, Eduardo Jesus"]
[Black "Holt, Conrad"]
[WhiteFideId "3502376"]
[BlackFideId "2034387"]
[WhiteElo "2307"]
[BlackElo "2592"]
[Result "1-0"]
[Round "2"]
[TimeControl "180+2"]
[Date "2023.06.20"]
[WhiteClock "0:01:57"]
[BlackClock "0:00:05"]
[Board "38"]

1. e4 e6 2. d4 d5 3. Nd2 c5 4. exd5 Qxd5 5. Ngf3 cxd4 6. Bc4 Qd6 7. O-O Nf6 8. Nb3 Nc6 9. Nbxd4 Nxd4 10. Nxd4 a6 11. Re1 Be7 12. c3 O-O 13. Qe2 b5 14. Bd3 Bb7 15. Bg5 Qd5 16. Nf3 Rfd8 17. Bc2 Qc5 18. Bh4 Qh5 19. Bg3 Bxf3 20. gxf3 a5 21. Red1 b4 22. Rxd8+ Rxd8 23. cxb4 axb4 24. Bb3 Qf5 25. Rc1 h6 26. Rc7 Bd6 27. Bxd6 Rxd6 28. Rc8+ Kh7 29. Bc2 Nd5 30. Bxf5+ exf5 31. Rc1 Nf4 32. Qc2 Kg6 33. Rd1 Re6 34. Kf1 Kg5 35. Qd2 Rf6 36. h4+ Kxh4 37. Qxf4+ Kh5 38. Rd5 Kg6 39. Qxb4 1-0


[Site "https://www.chess.com"]

[Event "Titled Tuesday Blitz June 20 Late 2023"]
[White "Baskakov, Egor"]
[Black "Sharan, Rao"]
[WhiteFideId "24197866"]
[BlackFideId "5073464"]
[WhiteElo "2225"]
[BlackElo "2149"]
[Result "1-0"]
[Round "2"]
[TimeControl "180+2"]
[Date "2023.06.20"]
[WhiteClock "0:01:12"]
[BlackClock "0:00:52"]
[Board "39"]

1. e4 d5 2. Nc3 c6 3. g3 Nf6 4. Bg2 dxe4 5. Nxe4 Nxe4 6. Bxe4 g6 7. d4 Bg7 8. Ne2 O-O 9. O-O Bh3 10. Re1 Nd7 11. Nf4 Bf5 12. Bxf5 gxf5 13. Be3 Nf6 14. c4 e6 15. Qf3 Kh8 16. Rad1 Qa5 17. d5 cxd5 18. cxd5 exd5 19. Nxd5 Nxd5 20. Qxd5 Qxd5 21. Rxd5 Bxb2 22. Rb1 Bc3 23. Rxb7 a5 24. Rxf5 Kg7 25. Rg5+ Kf6 26. Rc5 Bb4 27. Rb6+ Ke7 28. Rc7+ Kd8 29. Rbb7 Rc8 30. Rd7+ Ke8 31. Bh6 Rg8 32. Rxf7 Rb8 33. Rxb8+ Kxf7 34. Rxg8 Kxg8 35. Kf1 a4 36. Ke2 Kf7 37. Kd3 Be1 38. Be3 Ke6 39. Kc4 Kf5 40. f3 h5 41. Kb5 a3 42. Ka4 h4 43. gxh4 Bxh4 44. Kxa3 Be7+ 45. Kb3 Bd6 46. h3 Bc7 47. a4 Ke6 48. Kc4 Kd7 49. Kb5 Kc8 50. a5 Kb7 51. a6+ Ka8 52. Kc6 Be5 53. h4 Bf6 54. h5 Bg7 55. h6 Bh8 56. h7 Be5 57. Kd7 Bg7 58. Ke7 Kb8 59. Kf7 Bh8 60. Bg5 Ka7 61. Bh6 Kxa6 62. Bg7 1-0


[Site "https://www.chess.com"]

[Event "Titled Tuesday Blitz June 20 Late 2023"]
[White "Novik, Maxim"]
[Black "Grigoriants, Sergey"]
[WhiteFideId "4102924"]
[BlackFideId "4130804"]
[WhiteElo "2287"]
[BlackElo "2502"]
[Result "0-1"]
[Round "2"]
[TimeControl "180+2"]
[Date "2023.06.20"]
[WhiteClock "0:00:25"]
[BlackClock "0:00:15"]
[Board "40"]

1. e4 e5 2. Nf3 Nc6 3. Bc4 Bc5 4. d3 Nf6 5. c3 d6 6. O-O a6 7. Bb3 h6 8. Nbd2 O-O 9. Re1 Re8 10. Nf1 Ba7 11. Ng3 Be6 12. Bc2 d5 13. exd5 Bxd5 14. h3 Qd7 15. Be3 Bxe3 16. Rxe3 Re7 17. Qe2 Rae8 18. Re1 Nh7 19. Qd1 Nf8 20. Nh4 g6 21. Ne4 Kg7 22. b4 f5 23. Nc5 Qc8 24. Bb3 Bxb3 25. Nxb3 b6 26. Nf3 Qd7 27. Qc2 Qd6 28. Nbd2 Nd7 29. Nc4 Qf6 30. a4 Nd8 31. d4 e4 32. Nfe5 Nxe5 33. Nxe5 Nf7 34. Nxf7 Qxf7 35. Qe2 f4 36. Qxa6 fxe3 37. Rxe3 Qd5 38. Qe2 c6 39. f3 b5 40. fxe4 Rxe4 41. Rxe4 Qxe4 42. Qf2 Qe1+ 43. Qxe1 Rxe1+ 0-1


[Site "https://www.chess.com"]

[Event "Titled Tuesday Blitz June 20 Late 2023"]
[White "Beerdsen, Thomas"]
[Black "Perez, Maximiliano"]
[WhiteFideId "1030108"]
[BlackFideId "117234"]
[WhiteElo "2553"]
[BlackElo "2334"]
[Result "1-0"]
[Round "2"]
[TimeControl "180+2"]
[Date "2023.06.20"]
[WhiteClock "0:01:25"]
[BlackClock "0:00:34"]
[Board "41"]

1. e4 e5 2. Bc4 Nf6 3. d3 Bc5 4. Nc3 Nc6 5. f4 d6 6. Nf3 a6 7. f5 Na5 8. Bb3 Nxb3 9. axb3 Bd7 10. Bg5 h6 11. Bh4 g5 12. fxg6 fxg6 13. Nd5 g5 14. Nxg5 hxg5 15. Bxg5 O-O 16. Qd2 Nxd5 17. Bxd8 Be3 18. Qe2 Nf4 19. Qxe3 Nxg2+ 20. Kd2 Nxe3 21. Rag1+ Kh7 22. Bxc7 Ng4 23. h3 Rf2+ 24. Ke1 Rxc2 25. Bxd6 Kg6 26. hxg4 Rac8 27. Bxe5 Bb5 28. g5 Bxd3 29. Rh6+ Kf7 30. g6+ Ke6 31. g7+ Kxe5 32. g8=Q Rxg8 33. Rxg8 Rxb2 34. Rd8 Bxe4 35. Re8+ Kd5 36. Rh5+ Kd4 37. Rh4 Rb1+ 38. Kd2 Rb2+ 39. Kc1 Rb1+ 40. Kd2 Rb2+ 41. Kd1 Rb1+ 42. Ke2 Rb2+ 43. Ke1 Rb1+ 44. Kf2 Rb2+ 45. Kg3 Rxb3+ 46. Kf4 Re3 47. Rd8+ Bd5 48. Rxd5+ Kxd5 49. Kxe3 Kc5 50. Kd3 b5 51. Kc3 Kb6 52. Kb3 Ka5 53. Rh6 b4 54. Rh5+ Kb6 55. Kxb4 1-0


[Site "https://www.chess.com"]

[Event "Titled Tuesday Blitz June 20 Late 2023"]
[White "Sreyas Payyappat"]
[Black "Erdogmus, Yagiz Kaan"]
[WhiteFideId "46674969"]
[BlackFideId "44599790"]
[WhiteElo "2043"]
[BlackElo "2359"]
[Result "0-1"]
[Round "2"]
[TimeControl "180+2"]
[Date "2023.06.20"]
[WhiteClock "0:00:00"]
[BlackClock "0:01:17"]
[Board "42"]

1. e4 c5 2. Nf3 d6 3. d4 cxd4 4. Nxd4 Nf6 5. Nc3 a6 6. h4 e5 7. Nb3 Be7 8. Bg5 Be6 9. Bxf6 Bxf6 10. g3 Be7 11. Qd2 Nd7 12. O-O-O Nf6 13. f4 Qc7 14. f5 Bc4 15. Bxc4 Qxc4 16. Qd3 Rc8 17. Kb1 b5 18. Rhg1 b4 19. Nd5 Nxd5 20. Qxd5 Qxc2+ 21. Ka1 Qc6 22. Rc1 Qxd5 23. Rxc8+ Kd7 24. Rxh8 Qxe4 25. Rb8 Qxf5 26. Rc1 Qd3 27. Rxb4 Qxg3 28. Rb7+ Ke6 29. a3 Bxh4 30. Rc6 Qf3 31. Rxa6 Bf2 32. Rb5 Qd3 33. Raa5 Be1 34. Rb6 Qd1+ 35. Ka2 Bxa5 36. Nxa5 Qd5+ 37. Nb3 f5 38. a4 f4 39. a5 f3 40. Rb8 Ke7 41. a6 f2 42. Rb7+ Ke6 43. a7 Qxb7 0-1


[Site "https://www.chess.com"]

[Event "Titled Tuesday Blitz June 20 Late 2023"]
[White "Elsa167"]
[Black "WindWhistler11"]
[WhiteElo "2827"]
[BlackElo "2551"]
[Result "1/2-1/2"]
[Round "2"]
[TimeControl "180+2"]
[Date "2023.06.20"]
[WhiteClock "0:00:02"]
[BlackClock "0:00:06"]
[Board "43"]

1. d4 Nf6 2. c4 e6 3. Nf3 b6 4. Bf4 Bb7 5. e3 Bb4+ 6. Nfd2 Bd6 7. Bg5 h6 8. Bh4 g5 9. Bg3 Bxg3 10. hxg3 Qe7 11. Nc3 d6 12. Qc2 Nbd7 13. O-O-O O-O-O 14. Kb1 Kb8 15. f3 h5 16. Bd3 h4 17. g4 c5 18. Nde4 Ne8 19. d5 Ne5 20. Be2 Rg8 21. Qa4 a6 22. Qb3 Ka7 23. Rd2 f5 24. Nf2 fxg4 25. Nxg4 Nxg4 26. fxg4 exd5 27. cxd5 Nc7 28. e4 Rgf8 29. Bf3 Rde8 30. a4 Rf4 31. Nd1 Rxe4 32. Bxe4 Qxe4+ 33. Ka1 Nxd5 34. Nc3 Nxc3 35. bxc3 d5 36. Rb1 Re6 37. Qa3 a5 38. Rdb2 d4 39. c4 d3 40. Qc3 Rd6 41. Rd2 Ba6 42. Rc1 Rd4 43. Qb2 Bxc4 44. Rb1 Rd6 45. Qg7+ Ka6 46. Qf8 Qc6 47. Rbb2 Rd7 48. Kb1 Qxa4 49. Qa8+ Ra7 50. Qc8+ Rb7 51. Qa8+ Ra7 52. Qd8 Rb7 53. Qa8+ Ra7 1/2-1/2


[Site "https://www.chess.com"]

[Event "Titled Tuesday Blitz June 20 Late 2023"]
[White "brm72"]
[Black "Ghazarian, Kirk"]
[BlackFideId "30908604"]
[WhiteElo "2550"]
[BlackElo "2346"]
[Result "1-0"]
[Round "2"]
[TimeControl "180+2"]
[Date "2023.06.20"]
[WhiteClock "0:00:21"]
[BlackClock "0:00:04"]
[Board "44"]

1. e4 c5 2. Nf3 Nf6 3. e5 Nd5 4. Nc3 e6 5. Nxd5 exd5 6. d4 Nc6 7. dxc5 Bxc5 8. Bd3 d6 9. exd6 O-O 10. O-O Qxd6 11. c3 h6 12. h3 Re8 13. Bc2 Bxh3 14. gxh3 Qg3+ 15. Kh1 Qxh3+ 16. Nh2 Ne5 17. f4 Nc4 18. Qd3 Qxd3 19. Bxd3 Rad8 20. Nf3 f6 21. Nd4 Kf7 22. Kg2 a6 23. Kf3 g5 24. Rh1 Rh8 25. b3 Nd6 26. Nf5 Nxf5 27. Bxf5 Rde8 28. Bd2 h5 29. fxg5 fxg5 30. Bxg5 Re5 31. Kf4 Rhe8 32. Rxh5 Be3+ 33. Kg4 Rg8 34. Rf1 Ke8 35. Kh4 Bxg5+ 36. Rxg5 Rxg5 37. Kxg5 Re3 38. Rc1 Ke7 39. Kf4 Re2 40. Rc2 Re1 41. Bd3 Kd6 42. Re2 Rc1 43. Bc2 b5 44. Ke3 Ra1 45. Bd3 Kc5 46. b4+ Kd6 47. Kd4 Rh1 48. Bf5 Rh4+ 49. Kd3 Rh1 50. Re6+ Kc7 51. Rxa6 Rf1 52. Bg6 Rg1 53. Kd4 Kb7 54. Rf6 Rg3 55. Bd3 Rg2 56. a3 Ra2 57. Bxb5 Rxa3 58. Bc6+ Kc7 59. Bxd5 Ra1 60. Kc5 Re1 61. Rf7+ Kd8 62. b5 Rc1 63. c4 Rb1 64. b6 Ke8 65. Rh7 Kd8 66. Kc6 Kc8 67. Rh8# 1-0


[Site "https://www.chess.com"]

[Event "Titled Tuesday Blitz June 20 Late 2023"]
[White "Ismayil, Malak"]
[Black "Simonian, Hrair"]
[WhiteFideId "13412604"]
[BlackFideId "13302337"]
[WhiteElo "1868"]
[BlackElo "2447"]
[Result "0-1"]
[Round "2"]
[TimeControl "180+2"]
[Date "2023.06.20"]
[WhiteClock "0:00:00"]
[BlackClock "0:00:29"]
[Board "45"]

1. e4 c5 2. Nf3 d6 3. Bb5+ Nd7 4. d4 cxd4 5. Qxd4 a6 6. Be2 Ngf6 7. c4 g6 8. Nc3 Bg7 9. Bg5 O-O 10. O-O b6 11. Rfd1 Bb7 12. e5 dxe5 13. Nxe5 Nxe5 14. Qxe5 Qe8 15. Qe3 Qc6 16. Bf3 Qc8 17. Bxb7 Qxb7 18. Bxf6 Bxf6 19. Nd5 Bxb2 20. Rab1 Bg7 21. Rxb6 Qa7 22. Qxe7 Qxe7 23. Nxe7+ Kh8 24. Rb7 Rfd8 25. Rxd8+ Rxd8 26. g3 Rd1+ 27. Kg2 Bd4 28. Nc6 Bc5 29. Rxf7 Rd2 30. a4 Ra2 31. a5 Rc2 32. Rf4 Ra2 33. h4 Kg7 34. Rf3 Ra4 35. Rf4 Ra2 36. g4 h6 37. g5 hxg5 38. hxg5 Kg8 39. Ne5 Kg7 40. Rf7+ Kg8 41. Rf6 Rxa5 0-1


[Site "https://www.chess.com"]

[Event "Titled Tuesday Blitz June 20 Late 2023"]
[White "Manukyan, Artyom"]
[Black "Maksimovic, Bojan"]
[WhiteFideId "13305786"]
[BlackFideId "14408120"]
[WhiteElo "2078"]
[BlackElo "2457"]
[Result "0-1"]
[Round "2"]
[TimeControl "180+2"]
[Date "2023.06.20"]
[WhiteClock "0:00:04"]
[BlackClock "0:00:09"]
[Board "46"]

1. e4 c5 2. Nc3 e6 3. Nge2 a6 4. g3 b5 5. Bg2 Bb7 6. O-O Nf6 7. d3 d6 8. h3 Qc7 9. g4 Be7 10. Ng3 Nc6 11. Be3 b4 12. Nce2 a5 13. f4 Nd7 14. Kh2 a4 15. a3 Nb6 16. axb4 cxb4 17. Qd2 O-O 18. Nh5 d5 19. e5 d4 20. Nxd4 Nxd4 21. Bxd4 Bxg2 22. Qxg2 Rfc8 23. f5 Nd5 24. Rf2 Bh4 25. Re2 g6 26. Rg1 Kh8 27. Qe4 gxh5 28. g5 Ne7 29. Qxh4 Nxf5 30. Qf4 Qd7 31. Bf2 b3 32. cxb3 axb3 33. d4 Rc2 34. Qf3 Rac8 35. Rge1 Rxe2 36. Rxe2 Qd5 37. Qxh5 Rc1 38. Bg1 Rc2 39. Bf2 Qc4 40. Rxc2 bxc2 41. Qxf7 Qc8 42. Qf6+ Kg8 43. Be3 Nxe3 44. g6 hxg6 45. Qxg6+ Kf8 46. Qf6+ Ke8 47. Qh8+ Kd7 48. Qg7+ Kc6 49. d5+ Nxd5 50. Qg1 Kb7 51. Qc1 Qc7 52. b4 Qxe5+ 53. Kh1 Qe4+ 54. Kh2 Nf4 55. Qa3 Qg2# 0-1


[Site "https://www.chess.com"]

[Event "Titled Tuesday Blitz June 20 Late 2023"]
[White "Lorparizangeneh, Shahin"]
[Black "Ince, Taylan Ruzgar"]
[WhiteFideId "12521604"]
[BlackFideId "44513089"]
[WhiteElo "2526"]
[BlackElo "2147"]
[Result "0-1"]
[Round "2"]
[TimeControl "180+2"]
[Date "2023.06.20"]
[WhiteClock "0:00:04"]
[BlackClock "0:00:48"]
[Board "47"]

1. Nf3 Nf6 2. d4 d5 3. Bf4 c5 4. e3 Nc6 5. Nbd2 e6 6. c3 Bd6 7. Bg3 O-O 8. Bd3 Qe7 9. Ne5 Nd7 10. Nxd7 Bxd7 11. Bxd6 Qxd6 12. dxc5 Qxc5 13. Bxh7+ Kxh7 14. Qh5+ Kg8 15. Ne4 Qb5 16. Ng5 Rfd8 17. Qxf7+ Kh8 18. Qh5+ Kg8 19. Qh7+ Kf8 20. Qh8+ Ke7 21. Qxg7+ Kd6 22. Nf7+ Kc7 23. Nxd8 Rxd8 24. O-O-O Kc8 25. h4 e5 26. h5 d4 27. exd4 exd4 28. h6 Bf5 29. h7 Qa4 30. Rd2 Qxa2 31. Rc2 dxc3 32. Qd4 Qa1# 0-1


[Site "https://www.chess.com"]

[Event "Titled Tuesday Blitz June 20 Late 2023"]
[White "Avila Pavas, Santiago"]
[Black "Leenhouts, Koen"]
[WhiteFideId "4437128"]
[BlackFideId "1008439"]
[WhiteElo "2449"]
[BlackElo "2409"]
[Result "0-1"]
[Round "2"]
[TimeControl "180+2"]
[Date "2023.06.20"]
[WhiteClock "0:00:01"]
[BlackClock "0:00:13"]
[Board "48"]

1. d4 d5 2. Nf3 Nf6 3. Bg5 Nbd7 4. Nbd2 h6 5. Bh4 e6 6. e3 Be7 7. Bd3 b6 8. Qe2 Bb7 9. e4 dxe4 10. Nxe4 Nxe4 11. Bxe4 Bxe4 12. Qxe4 Bxh4 13. Nxh4 O-O 14. O-O-O Nf6 15. Qe2 Qd5 16. Kb1 Rfd8 17. Nf3 Qe4 18. Rhe1 Qxe2 19. Rxe2 Rd6 20. Red2 Rad8 21. c3 Ne4 22. Re2 Nf6 23. Rde1 Nd5 24. g3 Ne7 25. Kc2 g5 26. a4 Kg7 27. a5 b5 28. Ne5 a6 29. Nd3 Nc6 30. b4 Nb8 31. Nc5 Rc6 32. f4 g4 33. Rd2 Nd7 34. d5 exd5 35. Rxd5 Rd6 36. Rxd6 cxd6 37. Nxa6 Rc8 38. Re7 Nf6 39. Rc7 Re8 40. Rc6 Re2+ 41. Kb3 Ne4 42. Nc7 Nd2+ 43. Kc2 Nc4+ 44. Kd1 Rxh2 45. Nxb5 Ne3+ 46. Kc1 h5 47. a6 h4 48. a7 Ra2 49. Kb1 Rxa7 50. Nxa7 hxg3 51. Rxd6 g2 52. Nc6 g1=Q+ 53. Ka2 Nc4 54. Rd4 Qg2+ 55. Kb3 Qxc6 56. Rxc4 Qd5 0-1


[Site "https://www.chess.com"]

[Event "Titled Tuesday Blitz June 20 Late 2023"]
[White "Tissir, Mohamed"]
[Black "Leitao, Rafael"]
[WhiteFideId "9000240"]
[BlackFideId "2101246"]
[WhiteElo "2458"]
[BlackElo "2609"]
[Result "1/2-1/2"]
[Round "2"]
[TimeControl "180+2"]
[Date "2023.06.20"]
[WhiteClock "0:00:09"]
[BlackClock "0:00:12"]
[Board "49"]

1. e4 e5 2. Nf3 Nc6 3. Bc4 Nf6 4. d3 Be7 5. O-O O-O 6. Re1 d6 7. c3 h6 8. Bb3 Be6 9. Nbd2 Qd7 10. Nf1 Rfe8 11. Ng3 Bf8 12. h3 Bxb3 13. axb3 d5 14. Qe2 Rad8 15. b4 a6 16. Nh4 dxe4 17. dxe4 Qd3 18. Qxd3 Rxd3 19. Nhf5 Rdd8 20. Kf1 g6 21. Nxh6+ Kg7 22. Ng4 Nxg4 23. hxg4 Be7 24. g5 Rh8 25. Kg1 Rd7 26. Be3 Nd8 27. Red1 Rxd1+ 28. Rxd1 Ne6 29. Rd7 Kf8 30. Rd5 Bd6 31. Nf1 Ke7 32. Nd2 c6 33. Rd3 Bc7 34. Nf3 Rh4 35. Nd2 Rh5 36. f3 Nxg5 37. Bxg5+ Rxg5 38. g4 f5 39. exf5 gxf5 40. Kf2 fxg4 41. Ne4 Rg7 42. fxg4 Rxg4 43. Kf3 Rf4+ 44. Ke3 Bb6+ 45. Nc5 Bxc5+ 46. bxc5 a5 47. Rd1 Rc4 48. Rh1 Rxc5 49. Rh7+ Kd6 50. Rxb7 Rb5 51. Ra7 Kc5 52. Ke4 Kc4 53. Ra6 Kb3 54. Rxc6 Kxb2 55. c4 Rb4 56. Kxe5 a4 57. Kd5 a3 58. Ra6 Kb3 59. c5 a2 60. Rxa2 Kxa2 61. c6 Kb3 62. c7 Rc4 63. Kd6 Kb4 64. Kd7 Rxc7+ 65. Kxc7 1/2-1/2


[Site "https://www.chess.com"]